 Dungeon Crawl Stone Soup version 0.31-a0-234-gad7ace16ef (webtiles) character file.

Game seed: 4323753659871844505

103 qw the Shooter (level 4, -2/36 HPs)
             Began as a Minotaur Hexslinger on July 9, 2023.
             Slain by a sleepcap (12 damage)
             ... on level 4 of the Dungeon.
             The game lasted 00:00:52 (2276 turns).

qw the Shooter (Minotaur Hexslinger)                Turns: 2276, Time: 00:00:53

Health: -2/36      AC:  3    Str: 13    XL:     4   Next: 51%
Magic:  4/4        EV:  2    Int: 10    God:
Gold:   183        SH:  0    Dex: 14    Spells: 4/5 levels left

rFire   . . .        Y - +2 sling
rCold   . . .        (no shield)
rNeg    . . .        g - +0 leather armour
rPois   .            (helmet restricted)
rElec   .            (no cloak)
rCorr   .            (no gloves)
SInv    .            (no boots)
Will    .....        f - amulet of faith
Stlth   +            (no ring)
HPRegen 0.26/turn    (no ring)
MPRegen 0.09/turn

%: faith
@: sleeping
A: horns 2, retaliatory headbutt
a: no special abilities


You were on level 4 of the Dungeon.
You visited 1 branch of the dungeon, and saw 4 of its levels.

You collected 183 gold pieces.


Innate Abilities, Weirdness & Mutations

You have a pair of horns on your head.
You reflexively headbutt those who attack you in melee.


   Skills:
 + Level 2.2 Fighting
 - Level 5.0 Ranged Weapons
 - Level 2.1 Dodging
 - Level 1.0 Spellcasting
 - Level 2.0 Hexes


You had 4 spell levels left.
You knew the following spells:

 Your Spells              Type           Power      Damage    Failure   Level
a - Slow                  Hex            16%        N/A       19%         1

Your spell library contained the following spells:

 Spells                   Type           Power      Damage    Failure   Level
 Inner Flame              Hex/Fire       2%         N/A       65%         3
 Portal Projectile        Hex/Tloc       4%         N/A       65%         3
 Cause Fear               Hex            2%         N/A       88%         4

Inventory:

Hand Weapons
 Y - a +2 sling (weapon)
Armour
 g - a +0 leather armour (worn)
Jewellery
 f - an amulet of faith (around neck)
Scrolls
 e - a scroll of identify
Potions
 b - a potion of curing
 c - a potion of heal wounds {unknown}
 d - a potion of enlightenment
 h - a potion of brilliance {unknown}
 j - a potion of attraction {unknown}

Dungeon Overview and Level Annotations

Branches:
Dungeon (4/15)
 Temple: D:4-7

Altars:
Vehumet

Annotations:
D:3 exclusion: statue


Message History

You shoot a sling bullet. The sling bullet hits the sleepcap.
The sleepcap is lightly damaged.
You are starting to lose your buoyancy.
You see here a +2 mace of draining.
You shoot a sling bullet.
The sling bullet hits the sleepcap but does no damage.
The sleepcap is lightly damaged.
You shoot a sling bullet. The sling bullet hits the sleepcap.
The sleepcap is lightly damaged.
You shoot a sling bullet. The sling bullet hits the sleepcap.
The sleepcap is heavily damaged.
The sleepcap releases spores at you.
You are engulfed in a cloud of soporific spores!
You fall asleep.
The sleepcap releases spores at you!
You wake up.
You are engulfed in a cloud of soporific spores!
You are unaffected.
You shoot a sling bullet.
The sling bullet hits the sleepcap but does no damage.
The sleepcap is moderately damaged.
You float gracefully downwards.
The sleepcap releases spores at you.
You are engulfed in a cloud of soporific spores!
You are unaffected.
You shoot a sling bullet. The sling bullet hits the sleepcap.
The sleepcap is heavily damaged.
The sleepcap misses you.
You shoot a sling bullet.
The sling bullet hits the sleepcap but does no damage.
The sleepcap is heavily damaged.
Your enlightenment fades.
The sleepcap releases spores at you.
You shoot a sling bullet.
The sling bullet hits the sleepcap but does no damage.
The sleepcap is heavily damaged.
The sleepcap releases spores at you.
You are engulfed in a cloud of soporific spores!
You fall asleep.
The sleepcap releases spores at you but does no damage.
The sleepcap releases spores at you!
You die...

...###.##..##
..#..........####
.........<.......
...##.........###
#................
####>.........###
# #.............
....#............
.......@......###
..###..f........
. ##.#####.... ..
... ... .. ....
..... ......


You could see a sleepcap.

Vanquished Creatures
  3 adders
  A dart slug (D:3)
  4 worms
  9 ball pythons
  A bat (D:1)
  3 endoplasms
  4 giant cockroaches
  5 hobgoblins
  2 jackals (D:1)
  6 quokkas
  5 frilled lizards
  7 goblins
  4 kobolds
  8 rats
62 creatures vanquished.

Notes
Turn   | Place    | Note
-------+----------+-------------------------------------------
     0 | D:1      | qw the Minotaur Hexslinger began the quest for the Orb.
     0 | D:1      | Reached XP level 1. HP: 16/16 MP: 1/1
     0 | D:1      | 0 ||| qw: Version: 0.3-a-51-g015441d
     0 | D:1      | 0 ||| qw: Game counter: 4079
     0 | D:1      | 0 ||| qw: Melee chars always use a shield: true
     0 | D:1      | 0 ||| qw: God list: Okawaru
     0 | D:1      | 0 ||| qw: Allow faded altars: false
     0 | D:1      | 0 ||| qw: Do Orc after clearing Dungeon:15 true
     0 | D:1      | 0 ||| qw: Do second Lair branch before Depths: true
     0 | D:1      | 0 ||| qw: Lair rune preference: random
     0 | D:1      | 0 ||| qw: Goals: Normal
     0 | D:1      | 0 ||| PLANNING D:1-11
   150 | D:1      | Reached skill level 3 in Ranged Weapons
   173 | D:1      | Reached XP level 2. HP: 23/23 MP: 2/2
   636 | D:1      | 636 ||| UPGRADING to +0 leather armour.
   646 | D:1      | 646 ||| DROPPING +0 robe.
   647 | D:1      | 647 ||| UPGRADING to amulet of faith.
   652 | D:1      | 652 ||| READING scroll labelled RYOCHE JIDE.
   653 | D:1      | 653 ||| READING scroll labelled HIGROCHOCWO.
   654 | D:1      | 654 ||| READING scroll labelled NUBUOROILI.
   655 | D:1      | 655 ||| DROPPING scroll of poison.
   720 | D:2      | Reached XP level 3. HP: 29/29 MP: 3/3
   946 | D:2      | 946 ||| FLEEEEING.
   957 | D:2      | Reached skill level 4 in Ranged Weapons
  1425 | D:2      | 1425 ||| READING scroll labelled TIFOOM ZIRY.
  1426 | D:2      | 1426 ||| DRINKING 2 brown potions.
  1443 | D:3      | Found a faded altar of an unknown god.
  1472 | D:3      | Found a radiant altar of Vehumet.
  1472 | D:3      | Noticed a charred statue
  1476 | D:3      | 1476 ||| FLEEEEING.
  1538 | D:3      | Reached XP level 4. HP: 36/36 MP: 4/4
  1763 | D:3      | Reached skill level 5 in Ranged Weapons
  2024 | D:3      | 2024 ||| FLEEEEING.
  2025 | D:3      | 2025 ||| READING scroll labelled KENICL IFURYN.
  2223 | D:3      | 2223 ||| READING scroll labelled ADGHO YCAIPT.
  2224 | D:3      | 2224 ||| DRINKING 2 black potions.
  2276 | D:4      | Slain by a sleepcap

Levels and vault maps discovered:
D:1:      minmay_arrival_semitransparent, layout_loops_ring, minmay_pentomino_q4
D:2:      layout_basic
D:3:      layout_basic, vehumet_statue, nicolae_ecumenical_pavilion,
          minmay_misc_feat_cross, nicolae_titane
D:4:      layout_rooms

Skill      XL: |  1  2  3  4 |
---------------+-------------+-----
Ranged Weapons | 3 4 5 |  5.0
Fighting       | 2 |  2.2
Dodging        | |  2.1
Spellcasting   | |  1.0
Hexes          | |  2.0

Action                     |  1- 3 |  4- 6 || total
---------------------------+-------+-------++-------
   Fire: Sling             |   132 |    56 ||   188
    Use: Scroll            |     4 |     2 ||     6
         Potion            |     1 |     1 ||     2
 Armour: Robe              |     6 |       ||     6
         Leather armour    |     4 |     3 ||     7
  Dodge: Dodged            |    33 |     9 ||    42

Table legend:
 A = Non-vault XP
 B = Vault XP
 C = Vault XP percentage of total XP
 D = Non-vault monster count
 E = Vault monster count
 F = Vault count percentage of total count
                 A         B        C        D         E       F
            +---------+---------+-------+---------+---------+-------
      Total |     144 |       4 |   2.7 |      60 |       2 |   3.2
            +---------+---------+-------+---------+---------+-------
        D:1 |      35 |       4 |  10.3 |      22 |       2 |   8.3
        D:2 |      53 |       0 |   0.0 |      23 |       0 |   0.0
        D:3 |      56 |       0 |   0.0 |      15 |       0 |   0.0
            +---------+---------+-------+---------+---------+-------
